 Dungeon Crawl Stone Soup version 0.30-a0-358-g0d69a1922f (webtiles) character file.

Game seed: 13410642179362659114

40 themarg the Covered (level 3, -3/33 HPs)
             Began as an Armataur Fighter on Nov 8, 2022.
             Slain by a gnoll
             ... wielding a +0 whip of venom
              (6 damage)
             ... on level 2 of the Dungeon.
             The game lasted 00:03:33 (1208 turns).

themarg the Covered (Armataur Fighter)              Turns: 1208, Time: 00:03:34

Health: -3/33      AC:  6    Str: 23    XL:     3   Next: 30%
Magic:  3/3        EV:  7    Int:  8    God:
Gold:   76         SH:  4    Dex:  9    Spells: 2/2 levels left

rFire   . . .      SeeInvis .    a - +0 flail
rCold   . . .      Faith    .    c - +0 buckler
rNeg    . . .      Spirit   .    b - +0 scale mail
rPois   .          Reflect  .    (no helmet)
rElec   .          Harm     .    (no cloak)
rCorr   .          Roll     +    (no gloves)
Will    .....                    (no barding)
Stlth   ..........               (no amulet)
HPRegen 0.25/turn                (no ring)
MPRegen 0.08/turn                (no ring)

@: lethally poisoned (-3 -> -25), hasted, very quick
A: large, rugged brown scales 3, deformed body, armoured tail, roll, long
tongue, awkward tongue
a: no special abilities


You were on level 2 of the Dungeon.
You visited 1 branch of the dungeon, and saw 2 of its levels.

You collected 76 gold pieces.

Inventory:

Hand Weapons
 a - a +0 flail (weapon)
Missiles
 f - 40 stones (quivered)
Armour
 b - a +0 scale mail (worn)
 c - a +0 buckler (worn)
 j - a +0 cloak
Jewellery
 k - a ring of see invisible
Scrolls
 e - a scroll of noise {unknown}
 l - a scroll of acquirement {unknown}
 m - a scroll of identify {unknown}
Potions
 d - 2 potions of might
 g - a potion of curing {unknown}
 h - a potion of brilliance {unknown}
 i - a potion of haste


   Skills:
 + Level 3.4 Fighting
 - Level 1.7 Maces & Flails
 - Level 3.6 Armour
 + Level 2.5 Stealth
 - Level 3.2 Shields


You had 2 spell levels left.
You didn't know any spells.
Your spell library was empty.

Dungeon Overview and Level Annotations

Branches:
Dungeon (2/15)

Altars:


Innate Abilities, Weirdness & Mutations

You are completely covered in rugged brown scales. (AC +3, +7% HP)
Armour fits poorly on your strangely shaped body.
You have a long armoured tail.
You roll when moving toward enemies. (Rampage)
Your long tongue fully drains potion bottles. (2x potion effects)
Your tongue gives you trouble enunciating. (1.5x scroll delay)


Message History

The gnoll is heavily wounded.
You hear an angry hiss.
The gnoll completely misses you.
The gnoll moves out of view.
You hit the gnoll but do no damage.
The gnoll is heavily wounded.
A gnoll comes into view. It is wielding a +0 spear.
The gnoll barely misses you.
You hit the gnoll.
The gnoll is severely wounded.
The gnoll hits you with a +0 whip of venom.
A gnoll comes into view. It is wielding a +3 spear.
You block the gnoll's attack.
You completely miss the gnoll. You tail-slap the gnoll.
The gnoll is severely wounded.
You block the gnoll's attack.
You barely miss the gnoll.
The gnoll is severely wounded.
The gnoll barely misses you.
You barely miss the gnoll.
The gnoll is severely wounded.
The gnoll hits you with a +0 whip of venom.
You are poisoned.
You block the gnoll's attack.
You closely miss the gnoll.
The gnoll is severely wounded.
You feel very sick.
The gnoll hits you with a +0 whip of venom.
You are lethally poisoned!
You completely miss the gnoll.
The gnoll is severely wounded.
You feel extremely sick.
The gnoll hits you with a +0 whip of venom.
* * * LOW HITPOINT WARNING * * *
You are more poisoned.
You slurp down every last drop of the 2 red potions!
It was a potion of haste.
You feel yourself speed up.
* * * LOW HITPOINT WARNING * * *
You feel very sick.
The gnoll hits you with a +0 whip of venom.
You die...

#... ######### #... #...>...#
##... #.......###.... #######
#..<....##..... #.....#
#.......##..... ########.....#
#..............
......##.....######g.........#...
......##........@ggg......#######
......#......######.......#
.................#........#
............#.............#
...................##.#.....
............).........#......
......................#.......
..................#...........
##.##................#...


You could see 4 gnolls.

Vanquished Creatures
  2 dart slugs (D:1)
  3 ball pythons
  6 bats
  5 hobgoblins
  6 kobolds
  5 frilled lizards (D:1)
  5 goblins
  2 rats
34 creatures vanquished.

Notes
Turn   | Place    | Note
-------+----------+-------------------------------------------
     0 | D:1      | themarg the Armataur Fighter began the quest for the Orb.
     0 | D:1      | Reached XP level 1. HP: 19/19 MP: 1/1
   128 | D:1      | Reached skill level 1 in Stealth
   201 | D:1      | Reached XP level 2. HP: 27/27 MP: 2/2
   913 | D:1      | Reached XP level 3. HP: 33/33 MP: 3/3
  1208 | D:2      | Slain by a gnoll

Illustrated notes

Levels and vault maps discovered:
D:1:      dpeg_arrival_pits, layout_basic
D:2:      layout_rooms

Skill      XL: |  1  2 |
---------------+-------+-----
Stealth        | 1 2 |  2.5
Fighting       | 3 |  3.4
Maces & Flails | |  1.7
Armour         | |  3.6
Shields        | |  3.2

Action                   || total
-------------------------++-------
Melee: Flail             ||    89
       Tailslap          ||     5
  Use: Potion            ||     1
Armor: Scale mail        ||    47
Dodge: Dodged            ||    31
Block: Buckler           ||    18

Table legend: (Time is in decaauts)
 A = Elapsed time spent in this place.
 B = Non-inter-level travel time spent in this place.
 C = Inter-level travel time spent in this place.
 D = Time resting spent in this place.
 E = Time spent auto-exploring this place.
 F = Levels seen in this place.
 G = Mean time per level.
                   A        B        C        D        E       F      G
               +--------+--------+--------+--------+--------+-----+--------+
         Total |   1238 |   1203 |     35 |     22 |    877 |   2 |  619.0 |
       Dungeon |   1238 |   1203 |     35 |     22 |    877 |   2 |  619.0 |
               +--------+--------+--------+--------+--------+-----+--------+

Top non-repeatable levels by time:
     D:1: 1011 daAuts
     D:2: 226 daAuts
